 Dungeon Crawl Stone Soup version 0.30.1-11-g7821555f0a (webtiles) character file.

Game seed: 2507721693744040702

731 SacredBeard the Trooper (level 7, -8/67 HPs)
             Began as a Hill Orc Fighter on Nov 10, 2023.
             Mangled by Menkaure (16 damage)
             ... on level 5 of the Dungeon.
             The game lasted 00:07:39 (3055 turns).

SacredBeard the Trooper (Hill Orc Fighter)          Turns: 3055, Time: 00:07:40

Health: -8/67      AC: 16    Str: 21    XL:     7   Next: 73%
Magic:  7/7        EV:  9    Int:  8    God:
Gold:   244        SH:  9    Dex: 10    Spells: 6/6 levels left

rFire   . . .        q - +4 long sword "Qoucw" {protect, rC+ rN+}
rCold   + . .        c - +0 buckler
rNeg    + . .        b - +0 scale mail
rPois   .            B - +0 helmet
rElec   .            (no cloak)
rCorr   .            v - +0 pair of gloves
SInv    .            (no boots)
Will    .....        u - amulet of reflection Stlth
                     (no ring)
HPRegen 0.31/turn    (no ring)
MPRegen 0.10/turn

%: reflection
@: mighty, under a protective aura
A: no striking features
a: no special abilities


You were on level 5 of the Dungeon.
You visited 1 branch of the dungeon, and saw 5 of its levels.

You collected 244 gold pieces.

Inventory:

Hand Weapons
 a - a +0 war axe
 q - the +4 long sword "Qoucw" (weapon) {protect, rC+ rN+}
   (You found it on level 3 of the Dungeon)

   rC:        It protects you from cold.
   rN:        It protects you from negative energy.
 y - a +0 spear of venom
Missiles
 e - 36 stones (quivered)
 i - 3 atropa-tipped darts
Armour
 b - a +0 scale mail (worn)
 c - a +0 buckler (worn)
 v - a +0 pair of gloves (worn)
 B - a +0 helmet (worn)
Jewellery
 u - an amulet of reflection (around neck)
Wands
 C - a wand of polymorph (10)
Scrolls
 f - 5 scrolls of identify {unknown}
 l - a scroll of blinking {unknown}
 m - a scroll of teleportation {unknown}
 n - 4 scrolls of butterflies {unknown}
 p - a scroll of noise {unknown}
 t - a scroll of fear {unknown}
 w - a scroll of silence {unknown}
 z - a scroll of enchant weapon {unknown}
 A - a scroll of poison {unknown}
Potions
 d - 3 potions of might
 g - a potion of degeneration {unknown}
 h - a potion of flight {unknown}
 j - 2 potions of mutation {unknown}
 k - 4 potions of heal wounds {unknown}
 o - 2 potions of lignification {unknown}
 r - 2 potions of ambrosia {unknown}
 s - a potion of curing {unknown}
 x - 2 potions of haste {unknown}


   Skills:
 * Level 7.9 Fighting
 - Level 6.0 Axes
 - Level 2.0 Throwing
 - Level 4.0 Armour
 - Level 1.0 Dodging
 - Level 4.0 Shields


You had 6 spell levels left.
You didn't know any spells.
Your spell library contained the following spells:

 Spells                   Type           Power      Damage    Failure   Level
 Beastly Appendage        Tmut           0%         N/A       80%         1
 Wereblood                Tmut           0%         N/A       91%         2
 Frozen Ramparts          Ice            0%         1d1       99%         3
 Spider Form              Tmut/Pois      0%         N/A       99%         3
 Ice Form                 Ice/Tmut       0%         N/A       100%        4
 Summon Ice Beast         Ice/Summ       0%         N/A       100%        4


Dungeon Overview and Level Annotations

Branches:
Dungeon (5/15) Zot: 26518
 Temple: D:4-7

Altars:
Ashenzari
Cheibriados
Trog

Annotations:
D:5 Menkaure


Message History

The hound stops to sniff the ground.
You block the hound's attack. Menkaure closely misses you.
The hound bites you but does no damage. Menkaure hits you but does no damage.
You slash Menkaure!
Menkaure is heavily damaged.
The hound bites you but does no damage.
Menkaure calls on the powers of darkness!
The hound convulses!
Your body is wracked with pain!
You block the hound's attack. You block Menkaure's attack.
The hound bites you but does no damage.
You completely miss the hound.
The hound is heavily wounded.
You block the hound's attack. You block Menkaure's attack.
The hound closely misses you. You block Menkaure's attack.
You closely miss the hound.
The hound is moderately wounded.
You block the hound's attack.
Menkaure calls on the powers of darkness!
The hound convulses!
Your body is wracked with pain!
* * * LOW HITPOINT WARNING * * *
The hound closely misses you.
You hit the hound.
The hound is severely wounded.
The hound bites you but does no damage. You block Menkaure's attack.
You block the hound's attack. Menkaure barely misses you.
You slash the hound!
You kill the hound!
Menkaure barely misses you.
Menkaure calls on the powers of darkness!
Your body is wracked with pain!
* * * LOW HITPOINT WARNING * * *
You barely miss Menkaure.
Menkaure is heavily damaged.
Menkaure casts a spell at you. Pain shoots through your body!
* * * LOW HITPOINT WARNING * * *
Sorry, you're not good enough to have a special ability.
You feel very mighty all of a sudden. Menkaure hits you but does no damage.
Menkaure hits you!
You die...

.
...........#.....###
. ...........#...###
....)......##..###
............#....#.
...................
...
.#######.........##
.... ...###.....###
.....
~~...##...##.^.
.....
~~~....@......≈
.....
~~...##M†.##... ...#
...# .....# #. ...#.
## ........ .....
.(......... .....
...#..###.## ##.#
....#... .# #
..#.####. . #.#.


You could see Menkaure (fast).

Vanquished Creatures
  Grinder (D:5)
  An ice beast (D:5)
  An ogre (D:4)
  A phantom (D:4)
  A hound (D:5)
  A jelly (D:4)
  3 iguanas
  4 gnolls (D:4)
  4 adders
  2 dart slugs
  7 ball pythons
  7 bats
  8 endoplasms
  4 giant cockroaches
  10 goblins
  4 hobgoblins
  3 jackals (D:1)
  2 quokkas
  5 kobolds
  3 rats
72 creatures vanquished.

Notes
Turn   | Place    | Note
-------+----------+-------------------------------------------
     0 | D:1      | SacredBeard the Hill Orc Fighter began the quest for the
                  | Orb.
     0 | D:1      | Reached XP level 1. HP: 19/19 MP: 1/1
    48 | D:1      | Reached XP level 2. HP: 21/27 MP: 2/2
   393 | D:1      | Reached XP level 3. HP: 28/33 MP: 3/3
   811 | D:2      | Reached skill level 4 in Fighting
   925 | D:2      | Reached skill level 1 in Dodging
   925 | D:2      | Reached XP level 4. HP: 40/40 MP: 4/4
  1058 | D:3      | Reached skill level 1 in Throwing
  1069 | D:3      | Identified the +4 long sword "Qoucw" {protect, rC+ rN+}
  1440 | D:3      | Found a snail-covered altar of Cheibriados.
  1808 | D:4      | Noticed an ogre
  1817 | D:4      | Killed an ogre
  1818 | D:4      | Reached XP level 5. HP: 5/47 MP: 5/5
  2119 | D:4      | Reached skill level 5 in Fighting
  2119 | D:4      | Reached XP level 6. HP: 45/56 MP: 6/6
  2183 | D:4      | Reached skill level 5 in Axes
  2594 | D:5      | Entered Level 5 of the Dungeon
  2611 | D:5      | Noticed an ice beast
  2633 | D:5      | Killed an ice beast
  2634 | D:5      | Reached skill level 6 in Fighting
  2634 | D:5      | Reached XP level 7. HP: 44/63 MP: 7/7
  2701 | D:5      | Noticed Grinder
  2708 | D:5      | Paralysed by Grinder for 3 turns
  2724 | D:5      | Paralysed by Grinder for 4 turns
  2771 | D:5      | Paralysed by Grinder for 4 turns
  2776 | D:5      | Killed Grinder
  2777 | D:5      | Reached skill level 7 in Fighting
  2965 | D:5      | Found a bloodstained altar of Trog.
  2965 | D:5      | Found a broken altar of Ashenzari.
  3038 | D:5      | Noticed Menkaure
  3055 | D:5      | Mangled by Menkaure

Illustrated notes

Levels and vault maps discovered:
D:1:      wander_arrival_peaceful_grave, layout_rooms,
          ebering_dispersal_statue_hall
D:2:      layout_basic, serial_glass, glass_columns_a, glass_columns_a,
          due_unseen_surprise
D:3:      layout_basic, general_overflow_altar, serial_glass, glass_columns_b,
          glass_columns_a, kennysheep_generic_room_9
D:4:      layout_rooms
D:5:      layout_cave_pools, gammafunk_temple_overflow_statue,
          minmay_fire_ice_demons, uniq_menkaure, uniq_grinder

Skill      XL: |  1  2  3  4  5  6  7 |
---------------+----------------------+-----
Axes           | 3 4 6 |  6.0
Fighting       | 4 5 6 7 |  7.9
Dodging        | 1 |  1.0
Throwing       | 1 2 |  2.0
Armour         | 4 |  4.0
Shields        | 4 |  4.0

Action                     |  1- 3 |  4- 6 |  7- 9 || total
---------------------------+-------+-------+-------++-------
  Melee: War axe           |   101 |    10 |       ||   111
         Long sword        |       |   101 |    29 ||   130
    Use: Potion            |       |       |     1 ||     1
 Armour: Scale mail        |    42 |    57 |    19 ||   118
  Dodge: Dodged            |    54 |    48 |     8 ||   110
  Block: Buckler           |    27 |    57 |    17 ||   101
